Map: Site Delta LE

Players

习近平喜欢天安门 - Winner!

  • Race: Zerg Zerg
  • League: Master
  • Spawn Location: 11:00

llllllllllll

  • Race: Protoss Protoss
  • League: Grandmaster
  • Spawn Location: 5:00

VOD

Have the link to the VOD?

Description

Time

  • Played on: Aug. 17, 2024, 11:02 a.m.
  • Length: 7:27
Show
View Real Time Build Order
Export as new Build Order

习近平喜欢天安门 Zerg - Winner!

Build Orders: 3 Hatch before Pool 

Get SALT Encoding   

  12  0:00  Drone  
  13  0:12  Overlord  
  13  0:16  Drone  
  14  0:31  Drone x2  
  16  0:49  Hatchery  
  15  0:54  Drone  
  16  0:59  Drone  
  17  1:21  Hatchery  
  17  1:22  Drone  
  17  1:37  Spawning Pool  
  17  1:39  Drone  
  17  1:43  Extractor  
  17  1:45  Drone  
  17  1:46  Drone  
  18  1:52  Drone  
  19  2:01  Drone x2  
  21  2:12  Overlord  
  21  2:13  Drone  
  23  2:27  Queen x2  
  27  2:30  Overlord  
  27  2:31  Drone  
  28  2:43  Drone x2  
  30  2:51  Metabolic Boost  
  30  2:53  Overlord  
  30  2:54  Drone  
  31  3:02  Zergling x4  
  33  3:08  Hatchery  
  32  3:15  Drone x2  
  32  3:16  Queen  
  36  3:22  Zergling x4  
  38  3:28  Lair  
  38  3:36  Drone x3  
  38  3:39  Drone x3  
  38  3:40  Drone  
  45  3:47  Overlord  
  43  4:02  Queen  
  44  4:03  Drone x4  
  44  4:06  Drone  
  49  4:17  Extractor  
  49  4:18  Drone x2  
  49  4:22  Roach Warren  
  49  4:24  Extractor  
  49  4:26  Spore Crawler, Drone  
  49  4:27  Queen, Drone x2  
  52  4:35  Queen  
  54  4:40  Drone x3  
  54  4:41  Drone x2  
  59  4:47  Queen  
  61  4:58  Nydus Network  
  60  5:02  Roach x3  
  60  5:03  Overlord  
  60  5:06  Overlord  
  66  5:13  Overlord, Glial Reconstitution  
  62  5:22  Roach  
  62  5:23  Roach x3  
  69  5:29  Spore Crawler  
  69  5:31  Spore Crawler  
  69  5:33  Roach x2  
  72  5:40  Nydus Canal  
  72  5:41  Roach x2  
  76  5:45  Overlord  
  76  5:46  Roach  
  76  5:48  Roach  
  80  5:51  Roach  
  80  5:54  Roach  
  84  5:58  Spore Crawler  
  84  6:01  Overseer  
  83  6:04  Roach  
  83  6:05  Roach  
  83  6:08  Nydus Canal  
  85  6:24  Roach x5  
  95  6:31  Roach x2  
  98  6:33  Overlord  
  98  6:44  Overseer  
  98  6:50  Nydus Canal  
  98  6:51  Roach x2  
  98  6:52  Roach x2  
  102  6:55  Roach  
  102  6:57  Roach  
Show
View Real Time Build Order
Export as new Build Order

llllllllllll Protoss 

Build Orders:  

Get SALT Encoding   

  12  0:00  Probe  
  13  0:12  Probe  
  14  0:17  Pylon  
  14  0:24  Probe  
  15  0:36  Gateway  
  15  0:37  Probe (Chrono Boost)  
  16  0:46  Probe (Chrono Boost)  
  16  0:47  Assimilator  
  17  0:51  Probe (Chrono Boost)  
  18  1:03  Probe  
  19  1:15  Probe  
  20  1:24  Zealot  
  22  1:28  Probe  
  22  1:29  Pylon  
  22  1:30  Pylon  
  23  1:37  Cybernetics Core  
  23  1:47  Probe  
  24  1:59  Probe  
  25  2:11  Probe  
  26  2:24  Nexus  
  26  2:29  Assimilator  
  26  2:30  Adept (Chrono Boost)  
  26  2:35  Probe  
  29  2:48  Probe  
  30  2:51  Adept (Chrono Boost)  
  30  2:57  Warp Gate, Stargate  
  32  3:03  Probe  
  33  3:13  Adept (Chrono Boost)  
  33  3:15  Probe  
  36  3:27  Probe  
  36  3:28  Gateway  
  36  3:39  Probe  
  36  3:40  Probe  
  42  3:50  Void Ray (Chrono Boost)  
  42  3:51  Probe  
  42  3:52  Probe  
  42  4:03  Probe  
  42  4:04  Probe  
  42  4:08  Gateway  
  42  4:16  Probe x2  
  44  4:17  Oracle (Chrono Boost)  
  47  4:27  Pylon  
  47  4:28  Probe x2  
  49  4:40  Probe x2, Twilight Council  
  51  4:49  Nexus  
  51  4:50  Pylon  
  51  4:52  Probe x2  
  53  4:58  Adept x2  
  57  5:03  Gateway  
  57  5:08  Shield Battery  
  57  5:12  Resonating Glaives (Chrono Boost), Assimilator x2  
  57  5:15  Probe  
  57  5:16  Probe  
  59  5:22  Pylon  
  59  5:28  Probe x2  
  61  5:34  Adept x3  
  67  5:40  Probe x2  
  69  5:43  Pylon  
  69  5:51  Robotics Facility  
  69  5:52  Forge  
  69  6:00  Adept x3  
  69  6:01  Shield Battery  
  76  6:11  Adept  
  76  6:13  Void Ray (Chrono Boost)  
  76  6:14  Pylon  
  76  6:16  Pylon  
  76  6:22  Stalker x3  
  72  6:32  Stalker  
  72  6:39  Cybernetics Core  
  58  6:48  Zealot  
  58  6:49  Zealot  
  52  7:01  Probe  
  52  7:06  Zealot  
  48  7:09  Zealot x2  
Tags
 
Add a new tag
Caveats
  • Supply blocks, unpowered buildings, or Contaminate may cause inaccurate times.
  • Supply counts are checked every 10 seconds.